 Dungeon Crawl Stone Soup version 0.30-a0-159-g068b764562 (webtiles) character file.

Game seed: 13301779800676801738

80 qw the Chopper (level 4, 0/28 HPs)
             Began as a Gargoyle Fighter on Sept 27, 2022.
             Slain by Jessica
             ... wielding a +0 club
              (3 damage)
             ... on level 3 of the Dungeon.
             The game lasted 00:00:51 (2205 turns).

qw the Chopper (Gargoyle Fighter)                   Turns: 2205, Time: 00:00:52

Health: 0/28       AC: 14    Str: 19    XL:     4   Next: 39%
Magic:  4/4        EV:  9    Int:  9    God:
Gold:   136        SH:  4    Dex:  9    Spells: 3/3 levels left

rFire   + . .      SeeInvis .    Y - +1 war axe
rCold   . . .      Faith    .    c - +0 buckler
rNeg    + + .      Spirit   .    b - +0 scale mail
rPois   inf        Reflect  .    (no helmet)
rElec   +          Harm     .    (no cloak)
rCorr   .          Rampage  .    a - +2 pair of gloves "Zinoetar" {rElec rPois rN+ Str-2}
Will    .....                    f - +0 pair of boots
Stlth   ..........               (no amulet)
HPRegen 0.09/turn                e - ring of protection from fire
MPRegen 0.09/turn                (no ring)

@: no status effects
A: sickness immunity, AC +3, negative energy resistance 1, electricity
resistance, torment resistance 1, petrification resistance
a: no special abilities


You were on level 3 of the Dungeon.
You visited 1 branch of the dungeon, and saw 3 of its levels.

You collected 157 gold pieces.
You spent 21 gold pieces at shops.


Innate Abilities, Weirdness & Mutations

You are immune to sickness and miasma.
Your stone body is resilient. (AC +3)
You are immune to poison.
You resist negative energy. (rN+)
You are resistant to electric shocks. (rElec)
You are resistant to unholy torment.
You are immune to petrification.


   Skills:
 - Level 3.2 Fighting
 - Level 3.9 Axes
 + Level 0.9 Throwing
 - Level 3.2 Armour
 - Level 3.2 Shields


You had 3 spell levels left.
You didn't know any spells.
Your spell library was empty.

Inventory:

Hand Weapons
 s - a +0 flail
 Y - a +1 war axe (weapon)
Missiles
 r - 4 javelins (quivered)
Armour
 a - the +2 pair of gloves "Zinoetar" (worn) {rElec rPois rN+ Str-2}
   (You acquired it on level 2 of the Dungeon)

   Str:       It affects your strength (-2).
   rElec:     It insulates you from electricity.
   rPois:     It protects you from poison.
   rN:        It protects you from negative energy.
 b - a +0 scale mail (worn)
 c - a +0 buckler (worn)
 f - a +0 pair of boots (worn)
Jewellery
 e - a ring of protection from fire (left hand)
Scrolls
 h - a scroll of butterflies {unknown}
 m - a scroll of teleportation {unknown}
Potions
 d - a potion of might
 g - a potion of curing {unknown}
 i - a potion of attraction
 j - a potion of resistance {unknown}
 k - a potion of mutation {unknown}
 l - a potion of berserk rage {unknown}
 n - a potion of magic {unknown}
 p - a potion of cancellation {unknown}

Dungeon Overview and Level Annotations

Branches:
Dungeon (3/15)

Altars:
Dithmenos

Shops:
D:1 *   D:2 (

Annotations:
D:3 Jessica


Message History

Jessica zaps a wand.
The bolt of light misses you.
Jessica zaps a wand.
The bolt of light hits you!!
Ouch! That really hurt!
Jessica shouts, "You're disturbing me!
I'll have to kill you!" Jessica hits you but does no damage.
You closely miss Jessica. You block Jessica's attack.
You hit Jessica.
Jessica is moderately wounded.
Jessica mumbles some strange words.
Jessica blinks!
Jessica zaps a wand.
The bolt of light hits you.
Jessica zaps a wand.
The bolt of light hits you.
You are confused.
The now-empty wand crumbles to dust.
Jessica casts a spell at you. You resist with some effort.
You feel less confused. Jessica hits you but does no damage.
You barely miss Jessica.
Jessica is moderately wounded.
Jessica casts a spell.
Jessica blinks!
You closely miss Jessica.
Jessica is moderately wounded.
Jessica hits you but does no damage.
You closely miss Jessica.
Jessica is moderately wounded.
Jessica hits you but does no damage.
Jessica looks very angry.
Jessica hits you but does no damage.
You closely miss Jessica.
Jessica is moderately wounded.
Jessica hits you but does no damage.
You barely miss Jessica.
Jessica is moderately wounded.
Jessica hits you but does no damage.
You hit Jessica.
Jessica is severely wounded.
Jessica hits you but does no damage. Jessica hits you with a +0 club.
You die...

############
#...#......########
#..........##.....#########
#..........................
#.................##....###
##.........@@......##.......
#..................##.......
#..................#####....
#...(%.(.###.......#####....
#...........................
#........##......##.........
#....##..........##....)....
#.... #...>.................
#.... #..........##.....###%


You could see Jessica.

Vanquished Creatures
  3 adders (D:2)
  5 bats
  3 endoplasms
  4 giant cockroaches
  6 goblins
  6 hobgoblins
  2 jackals (D:1)
  3 quokkas
  4 ball pythons
  5 frilled lizards
  3 kobolds
  4 rats
48 creatures vanquished.

Notes
Turn   | Place    | Note
-------+----------+-------------------------------------------
     0 | D:1      | qw the Gargoyle Fighter began the quest for the Orb.
     0 | D:1      | Reached XP level 1. HP: 14/14 MP: 1/1
     0 | D:1      | 0 ||| qw: Version: 0.2-a-10-g37ed214
     0 | D:1      | 0 ||| qw: Game counter: 555
     0 | D:1      | 0 ||| qw: Always use a shield: true
     0 | D:1      | 0 ||| qw: God list: Okawaru
     0 | D:1      | 0 ||| qw: Allow faded altars: false
     0 | D:1      | 0 ||| qw: Do Orc after D:15 true
     0 | D:1      | 0 ||| qw: Do second Lair branch before Depths: true
     0 | D:1      | 0 ||| qw: Lair rune preference: random
     0 | D:1      | 0 ||| qw: Plans: Normal, Zot:1-4, God:TSO, Crypt, Tomb,
                  | Pan, Slime:5, Hells, Abyss, Orb
     0 | D:1      | 0 ||| PLANNING D:1-11
    29 | D:1      | 29 ||| Stepping ~*~*~tactically~*~*~ (stealth).
    37 | D:1      | 37 ||| Stepping ~*~*~tactically~*~*~ (stealth).
    38 | D:1      | 38 ||| Stepping ~*~*~tactically~*~*~ (stealth).
   218 | D:1      | Reached XP level 2. HP: 19/19 MP: 2/2
   239 | D:1      | Found a faded altar of an unknown god.
   306 | D:1      | 306 ||| DROPPING +0 club.
   519 | D:1      | Found Dotu's Assorted Antiques.
   528 | D:1      | 528 ||| BUYING brown potion (21 gold).
   528 | D:1      | Bought a brown potion for 21 gold pieces
   528 | D:1      | 528 ||| SHOPLISTING dented ruby amulet (120 gold, have 8).
   528 | D:1      | 528 ||| SHOPLISTING sapphire potion (21 gold, have 8).
   528 | D:1      | 528 ||| SHOPLISTING scroll labelled BOSUSI YNTIFUL (24
                  | gold, have 8).
   528 | D:1      | 528 ||| SHOPLISTING scroll labelled ERUISHROIBAO (24 gold,
                  | have 8).
   528 | D:1      | 528 ||| SHOPLISTING scroll labelled VORONWUKIE (24 gold,
                  | have 8).
   528 | D:1      | 528 ||| SHOPLISTING smelly ring mail (216 gold, have 8).
   528 | D:1      | 528 ||| DROPPING +0 mace.
   706 | D:1      | Reached skill level 3 in Axes
   847 | D:1      | Reached XP level 3. HP: 18/23 MP: 3/3
  1068 | D:1      | 1068 ||| UPGRADING to ring of protection from fire.
  1069 | D:1      | 1069 ||| DROPPING ring of flight.
  1070 | D:1      | 1070 ||| READING scroll labelled USHUPI KEEXOSM.
  1071 | D:1      | 1071 ||| READING scroll labelled YMAOLU GAADOCWI.
  1072 | D:1      | 1072 ||| DRINKING 2 clear potions.
  1352 | D:2      | Found Teiff's Antique Weapon Shop.
  1370 | D:2      | Reached XP level 4. HP: 27/28 MP: 4/4
  1381 | D:2      | 1381 ||| UPGRADING to +0 pair of boots.
  1633 | D:2      | 1633 ||| DROPPING +3 mace.
  1906 | D:2      | 1906 ||| READING scroll labelled DASECA FUGENU.
  1907 | D:2      | 1907 ||| READING scroll labelled TEW WOLUMENION.
  1908 | D:2      | 1908 ||| READING scroll labelled BOSUSI YNTIFUL.
  1909 | D:2      | 1909 ||| READING scroll labelled VORONWUKIE.
  1910 | D:2      | 1910 ||| READING scroll labelled ZUOFO HITT.
  1910 | D:2      | Identified a scroll of acquirement
  1910 | D:2      | 1910 ||| ACQUIRING +2 pair of gloves "Zinoetar" {rElec
                  | rPois rN+ Str-2}
  1910 | D:2      | Acquired the +2 pair of gloves "Zinoetar" {rElec rPois rN+
                  | Str-2}
  1912 | D:2      | 1912 ||| UPGRADING to +2 pair of gloves "Zinoetar" {rElec
                  | rPois rN+ Str-2}.
  1917 | D:2      | 1917 ||| READING scroll labelled MUKACR MURYF.
  2099 | D:3      | Found a shadowy altar of Dithmenos.
  2128 | D:3      | 2128 ||| Stepping ~*~*~tactically~*~*~ (stealth).
  2185 | D:3      | Noticed Jessica
  2191 | D:3      | HP: 5/28 [Jessica/bolt of light (3)]
  2193 | D:3      | HP: 1/28 [Jessica/bolt of light (4)]
  2205 | D:3      | Slain by Jessica

Levels and vault maps discovered:
D:1:      psy_arrival_terrarium, layout_basic, serial_shops,
          nicolae_shop_hallway_plus, shapermc_ecumenical_altar_notcrosses,
          wander_ebering_terrifying_dragon_lair
D:2:      layout_basic, serial_shops, shop, kennysheep_generic_room_9
D:3:      layout_basic, lemuel_round_altar, grunt_dithmenos_smoke,
          nicolae_ru_path_of_blood, uniq_jessica

Skill      XL: |  1  2 |
---------------+-------+-----
Axes           | 2 3 |  3.9
Fighting       | |  3.2
Throwing       | |  0.9
Armour         | |  3.2
Shields        | |  3.2

Action                   |  1- 3 |  4- 6 || total
-------------------------+-------+-------++-------
Melee: War axe           |   118 |    29 ||   147
Throw: Javelin           |       |    19 ||    19
  Use: Scroll            |     2 |     6 ||     8
       Potion            |     1 |       ||     1
Armor: Scale mail        |    64 |    20 ||    84
Dodge: Dodged            |    52 |     6 ||    58
Block: Buckler           |    27 |     4 ||    31

Table legend:
 A = Non-vault XP
 B = Vault XP
 C = Vault XP percentage of total XP
 D = Non-vault monster count
 E = Vault monster count
 F = Vault count percentage of total count
                 A         B        C        D         E       F
            +---------+---------+-------+---------+---------+-------
      Total |     112 |       3 |   2.6 |      46 |       2 |   4.2
            +---------+---------+-------+---------+---------+-------
        D:1 |      33 |       1 |   2.9 |      20 |       1 |   4.8
        D:2 |      66 |       2 |   2.9 |      18 |       1 |   5.3
        D:3 |      13 |       0 |   0.0 |       8 |       0 |   0.0
            +---------+---------+-------+---------+---------+-------
